 Dungeon Crawl Stone Soup version 0.31.0-9-g3a7656b989 (webtiles) character file.

Game seed: 7440497152674834587

8 Colgate the Poker (level 2, 24/24 HPs)
             Began as a Demonspawn Cinder Acolyte on Feb 2, 2024.
             Was a High Priest of Ignis.
             Quit the game on level 1 of the Dungeon.
             The game lasted 00:00:24 (208 turns).

Colgate the Poker (Demonspawn Cinder Acolyte)        Turns: 208, Time: 00:00:24

Health: 24/24      AC:  9    Str: 14    XL:     2   Next: 0%
Magic:  3/3        EV: 11    Int: 14    God:    Ignis [*****.]
Gold:   14         SH:  0    Dex:  8    Spells: 3/3 levels left

rFire   + . .        a - -1 spear (flame)
rCold   . . .        (no shield)
rNeg    . . .        b - +0 robe
rPois   .            (no helmet)
rElec   .            (no cloak)
rCorr   .            (no gloves)
SInv    .            (no boots)
Will    .....        (no amulet)
Stlth   +            (no ring)
HPRegen 0.24/turn    (no ring)
MPRegen 0.08/turn

%: no passive effects
@: fiery-armoured
A: demonic touch 1
a: Renounce Religion, Fiery Armour, Foxfire Swarm, Rising Flame


You were on level 1 of the Dungeon.
You worshipped Ignis.
Ignis was extremely pleased with you.
You visited 1 branch of the dungeon, and saw 1 of its levels.

You collected 14 gold pieces.

Inventory:

Hand Weapons
 a - a -1 spear of flaming (weapon)
Armour
 b - a +0 robe (worn)
Potions
 c - a potion of magic {unknown}


   Skills:
 - Level 3.0 Fighting
 + Level 3.2 Polearms
 - Level 1.0 Spellcasting
 - Level 2.6 Fire Magic


You had 3 spell levels left.
You didn't know any spells.
Your spell library contained the following spells:

 Spells                   Type           Power      Damage    Failure   Level
 Scorch                   Fire           16%        2d5       13%         2


Dungeon Overview and Level Annotations

Branches:
Dungeon (1/15)

Altars:


Innate Abilities, Weirdness & Mutations

Your touch may inflict minor irresistible damage on your foes.


Message History

You hit the endoplasm. You burn the endoplasm.
You kill the endoplasm!
No target in view!
HP restored.
c - a smoky puce potion No target in view!
You now have 14 gold pieces (gained 6).
Found a stone staircase leading down.
No target in view!
A bat comes into view.
The bat barely misses you.
A bat is nearby!
You closely miss the bat. The bat barely misses you.
A bat is nearby!
A kobold comes into view. It is wielding a +0 short sword.
The bat hits you but does no damage.
The bat is burned by your cloak of flames.
You kill the bat!
A kobold is nearby!
A dart slug comes into view.
The kobold shouts!
An endoplasm comes into view.
There are monsters nearby!
The endoplasm quivers.
There are monsters nearby!
There are monsters nearby!
You closely miss the kobold. The kobold hits you but does no damage.
The kobold is burned by your cloak of flames.
You kill the kobold!
There are monsters nearby!
You reach to attack!
You hit the endoplasm. You burn the endoplasm.
The dart slug launches a dart at you. The slug dart misses you.
There are monsters nearby!
You reach to attack!
You hit the endoplasm. You burn the endoplasm.
You kill the endoplasm!
You have reached level 2!
Your demonic ancestry asserts itself...
Your hands begin to faintly glow with unholy energy.
Are you sure you want to abandon this character and quit the game? (Confirm with "yes".)

###...##########
#...............#
#...............#
####........w......#
...................#
...................#
...................#
.........>.@).....#
#...............#
#...............#
#....##+#########
###..........#
#..........#
#..........#
#..........# ####
#..........#


You could see a dart slug.

Vanquished Creatures
  3 endoplasms (D:1)
  2 kobolds (D:1)
  A quokka (D:1)
  A bat (D:1)
7 creatures vanquished.

Notes
Turn   | Place    | Note
-------+----------+-------------------------------------------
     0 | D:1      | Colgate the Demonspawn Cinder Acolyte began the quest for
                  | the Orb.
     0 | D:1      | Reached XP level 1. HP: 18/18 MP: 2/2
   208 | D:1      | Gained mutation: Your touch may inflict minor irresistible
                  | damage on your foes. [demonic ancestry]
   208 | D:1      | Reached XP level 2. HP: 24/24 MP: 3/3
   208 | D:1      | Quit the game

Illustrated notes

Levels and vault maps discovered:
D:1:      lightli_arrival_farm, layout_basic, serial_shops, shop

Skill      XL: |  1 |
---------------+----+-----
Polearms       | 3 |  3.2
Fighting       | |  3.0
Spellcasting   | |  1.0
Fire Magic     | |  2.6

Action                     || total
---------------------------++-------
  Melee: Spear             ||    20
 Invoke: Fiery Armour      ||     1
 Armour: Robe              ||    10
  Dodge: Dodged            ||    11
